Map: Winter's Gate LE

Players

Mez

  • Race: Terran Terran
  • League: Master
  • Spawn Location: 11:00

RorO - Winner!

  • Race: Terran Terran
  • League: Diamond
  • Spawn Location: 5:00

VOD

Have the link to the VOD?

Description

Time

  • Played on: Sept. 2, 2019, 8:30 a.m.
  • Length: 15:59
Show
View Real Time Build Order
Export as new Build Order

Mez Terran 

Build Orders: Liberator Opening, Reaper Expand 

Get SALT Encoding   

  12  0:00  SCV  
  13  0:12  SCV  
  14  0:19  Supply Depot  
  14  0:25  SCV  
  15  0:40  SCV  
  16  0:44  Barracks  
  16  0:46  Refinery  
  16  0:52  SCV  
  17  1:04  SCV  
  18  1:16  SCV  
  19  1:31  Reaper  
  19  1:32  Orbital Command  
  20  1:47  Command Center  
  20  2:00  SCV  
  21  2:01  Supply Depot  
  21  2:09  Barracks Reactor  
  21  2:10  Marine  
  21  2:13  Factory  
  21  2:15  SCV  
  23  2:23  Refinery  
  23  2:34  Barracks Reactor  
  22  2:38  SCV  
  22  2:52  SCV  
  23  3:05  Starport  
  23  3:09  SCV  
  24  3:18  Orbital Command  
  24  3:21  SCV  
  28  3:27  Hellion x2  
  28  3:31  Liberator, Barracks Tech Lab  
  28  3:34  SCV  
  29  3:46  SCV  
  33  3:50  Hellion x2  
  33  3:52  Marauder  
  33  3:53  SCV  
  33  3:54  Supply Depot  
  40  3:58  SCV  
  40  4:02  Concussive Shells  
  41  4:05  SCV  
  42  4:10  SCV  
  42  4:11  Hellion  
  42  4:16  Hellion  
  47  4:19  SCV  
  47  4:21  Marauder  
  47  4:22  SCV  
  51  4:24  Supply Depot  
  51  4:31  SCV, Medivac  
  54  4:46  Hellion x2, SCV x2, Marauder  
  54  4:47  Supply Depot  
  62  4:58  SCV  
  63  5:01  SCV  
  63  5:02  Command Center  
  64  5:07  Starport Reactor  
  64  5:10  SCV  
  65  5:15  SCV  
  64  5:22  SCV  
  54  5:32  SCV  
  54  5:33  Marine  
  54  5:34  SCV  
  47  5:44  SCV, Barracks  
  47  5:45  Barracks  
  47  5:46  SCV, Stimpack  
  47  5:47  Factory Tech Lab  
  49  5:51  Marine  
  49  5:53  Starport Reactor  
  49  5:56  SCV  
  49  5:59  SCV  
  50  6:04  Engineering Bay x2  
  50  6:05  Barracks x2  
  50  6:06  Siege Tank, Refinery  
  50  6:08  Refinery  
  50  6:09  Marine  
  46  6:23  SCV x3  
  42  6:27  Marine  
  42  6:32  Viking  
  39  6:33  Viking  
  39  6:36  Marine x2  
  41  6:45  Marine x2  
  39  6:49  Marine  
  39  6:53  Missile Turret  
  36  6:59  Marine  
  25  7:22  SCV x2  
  27  7:31  Missile Turret  
  27  7:38  SCV x2  
  29  7:48  Orbital Command  
  29  7:53  SCV x2  
  31  8:06  Siege Tank  
  31  8:08  Barracks Reactor  
  31  8:09  Barracks Reactor  
  31  8:12  SCV x2  
  36  8:16  Terran Infantry Armor Level 1, Terran Infantry Weapons Level 1  
  36  8:21  SCV  
  36  8:24  SCV x2  
  36  8:25  Combat Shield  
  39  8:33  SCV  
  40  8:36  SCV x2  
  42  8:45  SCV  
  43  8:49  SCV x2  
  43  8:54  Siege Tank  
  43  8:55  Marine x7  
  54  8:57  SCV  
  54  9:01  SCV x2  
  58  9:10  SCV  
  58  9:14  SCV x2  
  59  9:20  Marine  
  59  9:21  Marine x3  
  59  9:22  SCV  
  61  9:26  SCV x2  
  63  9:34  SCV  
  63  9:35  Marine x4  
  63  9:36  Marine  
  69  9:42  SCV x2  
  71  9:46  SCV  
  71  9:50  Siege Tank  
  71  9:51  Marine x2  
  71  9:52  Marine x2  
  79  9:54  SCV x2  
  79  9:55  Armory  
  79  9:58  SCV  
  82  10:05  Marine x2  
  82  10:06  Marine, SCV x2  
  87  10:10  SCV  
  87  10:12  Marine x2  
  87  10:13  Marine x3  
  93  10:24  Supply Depot  
  93  10:25  Supply Depot  
  93  10:26  Supply Depot  
  93  10:28  Marine, SCV x3  
  97  10:30  Siege Tank  
  99  10:44  Marine x4  
  99  10:45  Marine x3  
  99  10:47  Terran Infantry Armor Level 2, Terran Infantry Weapons Level 2  
  99  10:49  Terran Vehicle Weapons Level 1  
  106  10:53  Refinery  
  106  10:54  SCV x2  
  106  10:55  Refinery  
  108  10:58  Supply Depot  
  108  11:02  Supply Depot  
  90  11:24  Marine x4  
  85  11:32  Marine x3  
  75  11:37  SCV x3  
  75  11:38  Marine  
  75  11:39  Marine  
  65  11:40  Orbital Command  
  59  11:49  SCV  
  59  11:50  SCV  
  58  12:01  SCV  
  59  12:12  Marine x4  
  59  12:14  Siege Tank  
  66  12:17  SCV  
  67  12:28  Medivac x2  
  71  12:34  SCV x2  
  71  12:35  SCV  
  71  12:36  Missile Turret  
  74  12:47  SCV x2  
  76  12:51  Marine x3  
  76  12:52  Marine x6  
  76  12:53  Siege Tank  
  88  13:03  Medivac x2  
  92  13:11  Marine x5  
  92  13:12  Marine x2  
  99  13:14  Refinery  
  99  13:15  Command Center, Refinery  
  98  13:27  Marine x2  
  98  13:28  Siege Tank  
  98  13:29  Marine x2  
  105  13:35  SCV x3, Factory  
  108  13:53  Missile Turret  
  108  13:57  Missile Turret  
  108  13:59  Marine x9  
  108  14:00  Missile Turret  
  108  14:02  Missile Turret  
  111  14:16  Marine  
  96  14:17  Marine x7  
  96  14:23  Siege Tank  
  96  14:35  Marine x2  
  92  14:39  Orbital Command  
  80  14:46  Marine  
  72  14:53  SCV  
  69  15:18  SCV x3  
  45  15:37  Marine x8  
Show
View Real Time Build Order
Export as new Build Order

RorO Terran - Winner!

Build Orders: Gas First Reaper Expand 

Get SALT Encoding   

  12  0:00  SCV  
  13  0:13  SCV  
  14  0:17  Supply Depot  
  14  0:25  SCV  
  15  0:29  Refinery  
  15  0:38  SCV  
  16  0:45  Barracks  
  16  0:51  SCV  
  17  1:03  SCV  
  18  1:15  SCV  
  19  1:34  Orbital Command, Reaper  
  20  1:49  Command Center  
  20  2:00  SCV  
  21  2:06  Factory  
  21  2:11  Barracks Reactor  
  21  2:12  SCV  
  22  2:19  Supply Depot  
  22  2:24  SCV  
  22  2:25  Refinery  
  23  2:36  SCV  
  23  2:48  SCV  
  23  2:52  Marine x2  
  23  2:54  Hellion  
  26  3:00  SCV  
  26  3:03  Starport  
  26  3:10  Marine x2  
  26  3:12  SCV  
  28  3:20  Factory Tech Lab  
  28  3:24  SCV  
  29  3:28  Marine  
  30  3:35  Orbital Command  
  30  3:36  SCV  
  31  3:48  Starport Tech Lab  
  31  3:49  Cyclone, SCV  
  31  3:50  Marine x2  
  37  4:01  SCV  
  37  4:02  SCV  
  39  4:06  Supply Depot  
  39  4:10  Marine x2  
  39  4:13  SCV, Banshee  
  39  4:14  SCV  
  46  4:17  Cloaking Field  
  46  4:27  Cyclone  
  46  4:28  SCV, Supply Depot  
  46  4:30  SCV  
  51  4:32  Marine  
  51  4:33  Marine  
  53  4:44  SCV  
  54  4:50  Marine, SCV  
  54  4:51  Marine  
  54  4:52  Supply Depot  
  57  4:56  Banshee  
  60  5:10  SCV  
  60  5:11  Command Center  
  60  5:12  SCV  
  60  5:13  Siege Tank  
  53  5:29  Marine x2  
  53  5:39  Barracks, Banshee  
  53  5:40  Barracks  
  55  5:43  SCV x2  
  55  5:47  Refinery  
  55  5:48  Supply Depot  
  51  5:59  SCV  
  52  6:05  Marine x2  
  52  6:13  SCV  
  51  6:22  SCV  
  51  6:23  Marine  
  44  6:28  SCV  
  42  6:38  Marine x2  
  44  6:45  SCV x2  
  46  6:58  SCV  
  47  7:02  Engineering Bay  
  47  7:03  Engineering Bay  
  44  7:16  SCV, Orbital Command  
  44  7:18  SCV  
  44  7:20  Barracks Tech Lab  
  44  7:21  Barracks Reactor  
  43  7:28  SCV, Missile Turret  
  44  7:34  SCV, Missile Turret  
  45  7:40  SCV  
  45  7:43  SCV  
  47  7:46  SCV  
  47  7:47  Stimpack  
  47  7:48  Marine  
  47  7:49  Marine, Barracks, Combat Shield  
  47  7:50  Barracks  
  50  7:52  SCV  
  50  7:55  SCV  
  52  7:58  SCV  
  52  7:59  Terran Infantry Weapons Level 1  
  52  8:00  Marine x2, Terran Infantry Armor Level 1  
  55  8:05  Medivac  
  55  8:06  Marine  
  55  8:07  Medivac  
  55  8:10  SCV  
  55  8:11  SCV  
  55  8:12  Orbital Command  
  62  8:16  Marine  
  62  8:17  Refinery  
  63  8:22  Siege Tank, SCV  
  63  8:23  SCV  
  68  8:34  Marine x2  
  68  8:35  SCV x2  
  68  8:39  Barracks Reactor  
  68  8:41  Barracks Reactor, Supply Depot  
  72  8:43  Medivac  
  72  8:47  Marine, SCV  
  72  8:48  Marine  
  77  8:51  SCV  
  77  8:52  Marine x2, Refinery  
  77  8:55  SCV  
  81  8:58  Refinery  
  81  8:59  SCV  
  81  9:00  Medivac  
  84  9:03  SCV  
  84  9:05  Marine x2  
  87  9:11  Marine x2  
  89  9:19  Supply Depot  
  89  9:20  SCV x2, Supply Depot  
  89  9:21  SCV  
  89  9:23  Marine  
  93  9:32  SCV x2  
  93  9:33  SCV  
  93  9:37  Marine x2  
  95  9:40  Barracks  
  95  9:41  Barracks  
  95  9:44  SCV  
  91  9:48  Medivac x2  
  91  9:49  Marine x3  
  91  9:50  Marine  
  99  9:54  SCV  
  99  9:57  Marine x3, Concussive Shells  
  103  10:01  SCV x2, Armory  
  103  10:07  Marine x2  
  105  10:11  Factory  
  105  10:13  Supply Depot  
  107  10:14  Supply Depot  
  107  10:17  Supply Depot  
  107  10:18  Marine x6  
  113  10:25  SCV x3  
  116  10:30  Marine  
  116  10:34  Marine  
  118  10:37  SCV  
  118  10:42  Marine x5  
  124  10:44  Siege Tank  
  127  10:57  Marine x3  
  127  10:58  Terran Infantry Armor Level 2, Terran Infantry Weapons Level 2  
  130  11:05  Marine  
  130  11:11  Marine, Factory Tech Lab, Terran Vehicle Weapons Level 1  
  131  11:12  Marine x3  
  131  11:15  Marine  
  131  11:16  Siege Tank  
  123  11:27  SCV  
  123  11:30  Marine x2  
  123  11:31  Marine x3  
  124  11:35  SCV x2  
  121  11:45  Medivac x2  
  121  11:46  Marine x3  
  119  11:47  SCV x2  
  119  11:48  Marine  
  119  11:49  Siege Tank, SCV  
  119  11:50  Siege Tank  
  128  11:59  Barracks x2  
  128  12:00  Barracks, Command Center, SCV x2  
  130  12:06  Supply Depot  
  130  12:07  Supply Depot  
  127  12:09  Supply Depot  
  127  12:13  Marine x7  
  134  12:15  Medivac  
  134  12:18  Sensor Tower  
  134  12:19  Missile Turret x2  
  136  12:24  Siege Tank  
  136  12:27  Siege Tank  
  136  12:28  Marine  
  143  12:30  Marine  
  143  12:31  Marine  
  143  12:36  Sensor Tower  
  145  12:37  Supply Depot  
  145  12:38  Supply Depot  
  145  12:39  Marine x4, Supply Depot  
  149  12:48  Medivac x2  
  153  12:52  Sensor Tower  
  153  12:53  Refinery, Missile Turret  
  153  12:56  Barracks Reactor x2  
  153  12:58  Refinery  
  153  13:05  Barracks Reactor  
  153  13:07  Terran Vehicle Weapons Level 2, Siege Tank x2  
  159  13:14  Marine x7  
  166  13:20  Terran Infantry Weapons Level 3  
  165  13:33  Marine x3  
  165  13:34  Marine x5  
  173  13:47  Marine x2  
  173  13:48  Marine  
  174  14:11  Marine x3  
  174  14:16  Marine x2  
  178  14:17  Marine x2  
  178  14:18  Marine x4  
  184  14:29  Marine x4  
  157  14:35  Marine x2  
  145  14:39  Siege Tank x2  
  145  14:45  Marine x3  
  143  14:46  Medivac  
  143  14:47  Medivac  
  127  14:53  Marine  
  127  14:54  Marine x4  
  127  14:55  Marine x3  
  127  14:57  Planetary Fortress  
  133  15:01  Marine x2, Missile Turret  
  124  15:16  Medivac  
  124  15:17  Medivac  
  125  15:23  Marine x5  
  125  15:24  Marine x2  
  126  15:32  Marine x3  
  126  15:34  Starport  
  112  15:35  Refinery  
  112  15:36  Command Center  
  112  15:39  Marine x2, Refinery, Missile Turret  
  112  15:40  Starport  
Tags
 
Add a new tag
Caveats
  • Supply blocks, unpowered buildings, or Contaminate may cause inaccurate times.
  • Supply counts are checked every 10 seconds.